 Dungeon Crawl Stone Soup version 0.31-a0-150-g89dc3ad700 (webtiles) character file.

Game seed: 3855183301278340088

213 qw the Shooter (level 5, -2/46 HPs)
             Began as a Minotaur Hunter on June 8, 2023.
             Slain by a sky beast (6 damage)
             ... on level 6 of the Dungeon.
             The game lasted 00:00:54 (2842 turns).

qw the Shooter (Minotaur Hunter)                    Turns: 2842, Time: 00:00:54

Health: -2/46      AC:  5    Str: 16    XL:     5   Next: 59%
Magic:  4/4        EV: 11    Int:  6    God:
Gold:   73         SH:  5    Dex: 15    Spells: 4/4 levels left

rFire   . . .        Y - +0 shortbow
rCold   . . .        (shield currently unavailable)
rNeg    . . .        k - +0 ring mail
rPois   .            (helmet restricted)
rElec   .            a - scarf {repulsion}
rCorr   .            (no gloves)
SInv    .            (no boots)
Will    .....        c - amulet of reflection
Stlth   +            (no ring)
HPRegen 0.27/turn    (no ring)
MPRegen 0.09/turn

%: repel missiles, reflection
@: no status effects
A: horns 2, retaliatory headbutt
a: no special abilities


You were on level 6 of the Dungeon.
You visited 1 branch of the dungeon, and saw 6 of its levels.

You collected 73 gold pieces.


Innate Abilities, Weirdness & Mutations

You have a pair of horns on your head.
You reflexively headbutt those who attack you in melee.


   Skills:
 - Level 4.0 Fighting
 + Level 6.8 Ranged Weapons
 - Level 1.0 Armour
 - Level 2.1 Dodging
 - Level 0.7 Stealth


You had 4 spell levels left.
You didn't know any spells.
Your spell library was empty.

Inventory:

Hand Weapons
 Y - a +0 shortbow (weapon)
Armour
 a - a scarf of repulsion (worn)
 k - a +0 ring mail (worn)
Jewellery
 c - an amulet of reflection (around neck)
Scrolls
 b - a scroll of teleportation
 i - a scroll of identify
Potions
 d - a potion of mutation
 e - a potion of cancellation {unknown}
 f - a potion of haste {unknown}
 g - a potion of enlightenment {unknown}
 h - a potion of heal wounds {unknown}

Dungeon Overview and Level Annotations

Branches:
Dungeon (7/15)
 Temple: D:4-7

Altars:
Hepliaklqana


Message History

You shoot an arrow. The arrow hits the scorpion.
You kill the scorpion!
You feel sick.
You shoot an arrow.
You feel sick.
You are no longer poisoned.
A sky beast appears from thin air!
Reactivating autopickup.
You shoot an arrow. The arrow closely misses the sky beast.
You shoot an arrow. The arrow barely misses the sky beast.
The sky beast barely misses you.
You shoot an arrow. The arrow hits the sky beast.
The sky beast is lightly wounded.
The sky beast hits you. The sky beast shocks you.
The sky beast flickers out of sight!
Deactivating autopickup; reactivate with Ctrl-A.
Something hits you but does no damage.
You shoot an arrow. Something hits you but does no damage.
You shoot an arrow.
A sky beast appears from thin air!
Reactivating autopickup.
The sky beast hits you but does no damage.
You shoot an arrow. The arrow barely misses the sky beast.
The sky beast flickers out of sight!
Deactivating autopickup; reactivate with Ctrl-A.
Something hits you but does no damage.
You shoot an arrow.
A sky beast appears from thin air!
Reactivating autopickup.
The sky beast closely misses you. You furiously retaliate!
You headbutt the sky beast. You shoot an arrow.
The arrow hits the sky beast but does no damage.
The sky beast is moderately wounded.
The sky beast barely misses you.
You shoot an arrow. The arrow barely misses the sky beast.
The sky beast hits you. The sky beast shocks you. The sky beast hits you.
The sky beast shocks you.
You die...

.... .... ....#
##.... ....
...... #...
###...#..
#..##.......
#......~.##
##>.....#
####...Y...##..
........@..(....
###......%.....>
............#/..
............# #.
.###..##.##....
#.. #.# .....
...# #.# ......
.. #. ......


You could see a sky beast.

Vanquished Creatures
  A scorpion (D:6)
  A sleepcap (D:3)
  An orc wizard (D:3)
  2 adders (D:2)
  An ufetubus (D:6)
  2 worms
  A dart slug (D:2)
  9 orcs
  5 bats
  7 endoplasms
  A giant cockroach (D:1)
  2 hobgoblins
  2 quokkas (D:2)
  6 ball pythons
  A frilled lizard (D:2)
  8 goblins
  9 kobolds
  2 rats (D:1)
61 creatures vanquished.

Notes
Turn   | Place    | Note
-------+----------+-------------------------------------------
     0 | D:1      | qw the Minotaur Hunter began the quest for the Orb.
     0 | D:1      | Reached XP level 1. HP: 18/18 MP: 0/0
     0 | D:1      | 0 ||| qw: Version: 0.2-a-119-g7aa9181
     0 | D:1      | 0 ||| qw: Game counter: 2783
     0 | D:1      | 0 ||| qw: Always use a shield: true
     0 | D:1      | 0 ||| qw: God list: Okawaru
     0 | D:1      | 0 ||| qw: Allow faded altars: false
     0 | D:1      | 0 ||| qw: Do Orc after D:15 true
     0 | D:1      | 0 ||| qw: Do second Lair branch before Depths: true
     0 | D:1      | 0 ||| qw: Lair rune preference: random
     0 | D:1      | 0 ||| qw: Plans: Normal
     0 | D:1      | 0 ||| PLANNING D:1-11
   224 | D:1      | Reached XP level 2. HP: 25/25 MP: 1/1
   269 | D:1      | Reached skill level 5 in Ranged Weapons
   412 | D:1      | Reached skill level 3 in Fighting
   666 | D:1      | 666 ||| DROPPING ring of flight.
   667 | D:1      | 667 ||| READING scroll labelled OMUDDUZENK.
   768 | D:1      | 768 ||| READING scroll labelled QORRUI VASAKK.
   769 | D:1      | 769 ||| DROPPING scroll of butterflies.
  1044 | D:2      | Reached XP level 3. HP: 31/31 MP: 2/2
  1145 | D:2      | 1145 ||| FLEEEEING.
  1468 | D:2      | Found a faded altar of an unknown god.
  1708 | D:2      | 1708 ||| UPGRADING to scarf of repulsion.
  1713 | D:2      | 1713 ||| UPGRADING to +0 ring mail.
  1723 | D:2      | 1723 ||| DROPPING +0 leather armour.
  1724 | D:2      | 1724 ||| READING scroll labelled XOMOR JEASE.
  1728 | D:2      | 1728 ||| READING scroll labelled ODOPHA GUKHYO.
  1880 | D:3      | Reached skill level 1 in Armour
  1880 | D:3      | Reached XP level 4. HP: 38/38 MP: 3/3
  1940 | D:3      | Reached skill level 6 in Ranged Weapons
  2582 | D:3      | Found a hazy altar of Hepliaklqana.
  2683 | D:3      | 2683 ||| DRINKING 2 bubbling sapphire potions.
  2684 | D:3      | 2684 ||| READING 2 scrolls of identify.
  2684 | D:3      | 2684 ||| IDENTIFYING inky potion
  2685 | D:3      | 2685 ||| DROPPING potion of attraction.
  2686 | D:3      | 2686 ||| DROPPING potion of degeneration.
  2732 | D:4      | Reached XP level 5. HP: 39/46 MP: 4/4
  2735 | D:4      | 2735 ||| FLEEEEING.
  2736 | D:4      | 2736 ||| FLEEEEING.
  2737 | D:4      | 2737 ||| FLEEEEING.
  2738 | D:4      | 2738 ||| FLEEEEING.
  2739 | D:4      | 2739 ||| FLEEEEING.
  2771 | D:4      | You fall into a shaft and drop 3 floors!
  2803 | D:7      | 2803 ||| UPGRADING to amulet of reflection.
  2808 | D:7      | 2808 ||| READING 2 scrolls of identify.
  2808 | D:7      | 2808 ||| IDENTIFYING bubbling coppery potion
  2829 | D:6      | Noticed a sky beast
  2842 | D:6      | HP: 6/46 [sky beast (6)]
  2842 | D:6      | Slain by a sky beast

Levels and vault maps discovered:
D:1:      dpeg_arrival_refuge, layout_loops_ring, columned_hall_lemuel,
          minmay_cupped
D:2:      cheibrodos_helix_gallery, layout_loops_corners,
          chequers_ecumenical_altar_twisty
D:3:      layout_loops_ring, worldfamousw_hep_ancestral_shrine,
          serial_bayou_lagoon_b, uniq_crazy_yiuf_cottage
D:4:      nicolae_BIG_FREAKIN_CUBE, layout_rooms, trog_ov_bears_minmay,
          mainiacjoe_overflow_large_starburst, kennysheep_generic_room_13,
          uniq_grinder
D:6:      layout_cave_pools
D:7:      layout_basic, minmay_temple_entry_mini_moons, serial_shops, shop,
          st_stairs_4, kennysheep_nub, minmay_holes

Skill      XL: |  1  2  3  4  5 |
---------------+----------------+-----
Ranged Weapons | 5 6 |  6.8
Fighting       | 3 4 |  4.0
Armour         | 1 |  1.0
Dodging        | |  2.1
Stealth        | |  0.7

Action                     |  1- 3 |  4- 6 || total
---------------------------+-------+-------++-------
   Fire: Shortbow          |   113 |    76 ||   189
    Use: Scroll            |     4 |     2 ||     6
         Potion            |       |     1 ||     1
 Armour: Leather armour    |     4 |       ||     4
         Ring mail         |     1 |     8 ||     9
  Dodge: Dodged            |    28 |    16 ||    44

Table legend:
 A = Non-vault XP
 B = Vault XP
 C = Vault XP percentage of total XP
 D = Non-vault monster count
 E = Vault monster count
 F = Vault count percentage of total count
                 A         B        C        D         E       F
            +---------+---------+-------+---------+---------+-------
      Total |     293 |      12 |   3.9 |      56 |       5 |   8.2
            +---------+---------+-------+---------+---------+-------
        D:1 |      30 |       6 |  16.7 |      19 |       3 |  13.6
        D:2 |      43 |       6 |  12.2 |      12 |       2 |  14.3
        D:3 |     105 |       0 |   0.0 |      16 |       0 |   0.0
        D:4 |      20 |       0 |   0.0 |       7 |       0 |   0.0
        D:6 |      95 |       0 |   0.0 |       2 |       0 |   0.0
            +---------+---------+-------+---------+---------+-------
